 Dungeon Crawl Stone Soup version 0.20-a0-1018-ge435b50 (webtiles) character file.

86 M4edhros the Sneak (level 4, 0/28 HPs)
             Began as an Octopode Artificer on Apr 15, 2017.
             Slain by an orc
             ... wielding a +1 hand axe of freezing
              (1 damage)
             ... on level 4 of the Dungeon on Apr 17, 2017.
             The game lasted 00:02:20 (1280 turns).

M4edhros the Sneak (Octopode Artificer)             Turns: 1280, Time: 00:02:21

Health: 0/28       AC:  1    Str: 11    XL:     4   Next: 50%
Magic:  6/6        EV: 13    Int: 13    God:
Gold:   103        SH:  0    Dex: 13    Spells: 3/3 levels left

rFire    . . .     SeeInvis .   a - +0 short sword
rCold    . . .     Gourm    .   (no shield)
rNeg     . . .     Faith    .   (helmet restricted)
rPois    .         Spirit   .   (no amulet)
rElec    .         Reflect  .   (no ring)
rCorr    .         Harm     .   (no ring)
MR       .....                  (no ring)
Stlth    ++++......             (no ring)
Regen    0.1/turn               (no ring)
MPRegen  0.1/turn               (no ring)
                                (no ring)
                                (no ring)

@: no status effects
A: almost no armour, stealthy swim, amphibious, 8 rings, constrict 8, camouflage
1, gelatinous body 1
a: no special abilities


You were on level 4 of the Dungeon.
You were not hungry.

You visited 1 branch of the dungeon, and saw 4 of its levels.

You collected 103 gold pieces.

Inventory:

Hand Weapons
 a - a +0 short sword (weapon)
Missiles
 g - 48 sling bullets
Wands
 b - a wand of flame (4/48)
 c - a wand of enslavement (12/24)
 d - a wand of random effects (14/48)
Scrolls
 h - a scroll of fear {unknown}
 i - a scroll of immolation {unknown}
 j - 2 scrolls of remove curse {unknown}
 l - a scroll of fog {unknown}
Potions
 e - a potion of brilliance {unknown}
 k - a potion of lignification {unknown}
 m - a potion of heal wounds
Comestibles
 f - a bread ration
 n - 8 chunks of flesh


   Skills:
 - Level 1.0 Fighting
 - Level 1.0 Short Blades
 - Level 2.0 Dodging
 + Level 6.1 Stealth
 - Level 3.2 Evocations


You had 3 spell levels left.
You didn't know any spells.

Dungeon Overview and Level Annotations

Branches:
Dungeon (4/15)
 Temple: D:4-7

Altars:


Innate Abilities, Weirdness & Mutations

You cannot wear most types of armour.
You are very stealthy in the water. (Stealth+)
You are amphibious.
You can wear up to eight rings at the same time.
You can use your tentacles to constrict eight enemies at once.
Your skin changes colour to match your surroundings (Stealth+).
Your rubbery body absorbs attacks. (AC +1, EV +1)


Message History

The puff of flame hits the orc priest.
The orc priest is severely wounded.
This wand has 5 charges left.
You constrict the orc priest. The orc hits you with a club.
* * * LOW HITPOINT WARNING * * *
The orc priest struggles to escape constriction.
Unknown command.
Evoke which item? (* to show all) (? for menu, Esc to quit)
Aiming: Throw Flame
Press: ? - help, Shift-Dir - straight line, f/p - orc
Aim: an orc, wielding a hand axe of freezing and wearing a scale mail (heavily wounded)
The puff of flame hits the orc priest.
You kill the orc priest!
Your Stealth skill increases to level 6!
This wand has 4 charges left.
The orc hits you with a club.
* * * LOW HITPOINT WARNING * * *
The orc hits you with a hand axe of freezing.
* * * LOW HITPOINT WARNING * * *
The orc freezes you.
You die...

#....##.#####
#......#
##.....##
#...##..##
...#####..##
.####..##..##
##.........#
#........##.#
#....o@o.#
#.#
#.....ooo.#
#..
..........#
#..
.........##
#. #.../...##
###....##
#####


You could see 5 orcs.

Vanquished Creatures
  An orc priest (D:4)
  An adder (D:2)
  2 leopard geckos
  5 orcs
  3 giant cockroaches
  3 goblins
  5 hobgoblins
  5 jackals
  2 bats
  3 frilled lizards
  4 kobolds
  6 rats
40 creatures vanquished.

Vanquished Creatures (others)
  2 orcs (D:4)
2 creatures vanquished.

Grand Total: 42 creatures vanquished

Notes
Turn   | Place    | Note
-------+----------+-------------------------------------------
     0 | D:1      | M4edhros the Octopode Artificer began the quest for the Orb.
     0 | D:1      | Reached XP level 1. HP: 13/13 MP: 3/3
    25 | D:1      | Reached skill level 2 in Stealth
    55 | D:1      | Reached XP level 2. HP: 4/18 MP: 4/4
    56 | D:1      | Reached skill level 3 in Stealth
    57 | D:1      | Upgraded the game from 0.20-a0-1009-gc986637 to 0.20-a0-1018-ge435b50
   451 | D:2      | Reached skill level 4 in Stealth
   451 | D:2      | Reached XP level 3. HP: 10/23 MP: 5/5
  1108 | D:3      | Reached skill level 5 in Stealth
  1262 | D:4      | Reached XP level 4. HP: 22/28 MP: 6/6
  1280 | D:4      | Reached skill level 6 in Stealth
  1280 | D:4      | HP: 1/28 [orc/hand axe of freezing (3)]
  1280 | D:4      | Slain by an orc

Vault maps used:
D:1:      doesnt_arrival_eight_statues
D:2:      tgw_xom, first_bread, solitary_fountain
D:3:      uniq_crazy_yiuf_cottage
D:4:      grunt_temple_overflow_gold_and_silver, uniq_menkaure

Skill      XL: |  1  2  3  4 |
---------------+-------------+-----
Stealth        | 2 4 5 6 |  6.1
Fighting       | |  1.0
Short Blades   | |  1.0
Dodging        | |  2.0
Evocations     | |  3.2

Action                   |  1- 3 |  4- 6 || total
-------------------------+-------+-------++-------
Melee: Short sword       |    80 |     1 ||    81
       Constrict         |    15 |     1 ||    16
       Tentacles         |     5 |       ||     5
Evoke: Wand              |    12 |     3 ||    15
  Use: Potion            |     1 |       ||     1
 Stab: Sleeping          |     7 |       ||     7
  Eat: Chunk             |     1 |       ||     1
Armor: Skin              |     5 |       ||     5
Dodge: Dodged            |    53 |     2 ||    55
